 Dungeon Crawl Stone Soup version 0.22.1-2-g9c5b331 (webtiles) character file.

2778 diana the Slicer (level 9, 0/62 HPs)
             Began as a Demonspawn Gladiator on Nov 16, 2018.
             Was an Elder of Okawaru.
             Slain by a hornet zombie (11 damage)
             ... on level 7 of the Dungeon.
             The game lasted 00:20:56 (6921 turns).

diana the Slicer (Demonspawn Gladiator)             Turns: 6921, Time: 00:20:57

Health: 0/62       AC:  5    Str: 15    XL:     9   Next: 42%
Magic:  11/11      EV: 13    Int:  9    God:    Okawaru [****..]
Gold:   367        SH:  0    Dex: 23    Spells: 8/8 levels left

rFire    . . .     SeeInvis .   j - +2 dagger (drain)
rCold    + . .     Gourm    +   (no shield)
rNeg     . . .     Faith    .   b - +0 leather armour
rPois    .         Spirit   .   c - +0 helmet
rElec    .         Reflect  .   (no cloak)
rCorr    .         Harm     .   (no gloves)
MR       +....                  (no boots)
Stlth    ++++......             r - amulet of the gourmand
HPRegen  0.20/turn              g - +2 ring of slaying
MPRegen  0.12/turn              D - +5 ring of dexterity

@: no status effects
A: hooves 1, rugged brown scales 1, cold resistance 1, magic resistance 1,
nightstalker 1, freezing cloud immunity, MP-powered wands
a: Heroism, Renounce Religion


You were on level 7 of the Dungeon.
You worshipped Okawaru.
Okawaru was greatly pleased with you.
You were not hungry.

You visited 1 branch of the dungeon, and saw 7 of its levels.
You also visited: Ossuary.

You collected 367 gold pieces.

Inventory:

Hand Weapons
 a - a +0 long sword
 j - a +2 dagger of draining (weapon)
Missiles
 d - 2 throwing nets (quivered)
 q - 4 javelins of penetration
Armour
 b - a +0 leather armour (worn)
 c - a +0 helmet (worn)
 u - a +0 ring mail
Jewellery
 g - a +2 ring of slaying (left hand)
 r - an amulet of the gourmand (around neck)
 B - an uncursed ring of protection from magic
 D - a +5 ring of dexterity (right hand)
 E - an uncursed ring of stealth
Wands
 z - a wand of digging (12)
Scrolls
 e - 3 scrolls of amnesia
 h - 8 scrolls of remove curse
 i - a scroll of fog
 n - 2 scrolls of noise
 o - a scroll of vulnerability {unknown}
 p - 3 scrolls of enchant armour
 w - a scroll of identify
 x - a scroll of summoning {unknown}
 G - a scroll of silence {unknown}
 I - a scroll of teleportation {unknown}
Potions
 k - a potion of agility
 l - 3 potions of lignification
 m - a potion of resistance
 t - 2 potions of heal wounds {unknown}
 v - a potion of invisibility {unknown}
 A - 2 potions of haste {unknown}
 C - a potion of brilliance {unknown}
 F - 2 potions of mutation
 H - a potion of cancellation {unknown}
 J - a potion of flight {unknown}
Comestibles
 f - 11 rations


   Skills:
 - Level 2.0 Fighting
 - Level 9.8(10.1) Short Blades
 - Level 3.5(7.2) Long Blades
 - Level 1.7 Throwing
 - Level 2.6 Dodging
 + Level 6.2 Stealth
 - Level 3.0 Invocations


You had 8 spell levels left.
You didn't know any spells.
Your spell library was empty.

Dungeon Overview and Level Annotations

Branches:
Dungeon (7/15)             Temple (0/1) D:7

Altars:
Elyvilon
Gozag
Kikubaaqudgha
Nemelex Xobeh
Okawaru
Ru
Uskayaw
Xom
Zin

Annotations:
D:7 3 runed doors, smtktc's ghost, novice DECj


Innate Abilities, Weirdness & Mutations

You have large cloven feet.
You are partially covered in rugged brown scales. (AC +1, +3% HP)
Your flesh is cold resistant. (rC+)
You are slightly more attuned to the shadows.
You are immune to freezing clouds.
You are resistant to hostile enchantments. (MR+)
You expend magic power (3 MP) to strengthen your wands.


Message History

The hornet zombie is severely damaged.
The hornet zombie hits you!
* * * LOW HITPOINT WARNING * * *
You feel better. The hornet zombie misses you.
The hornet zombie closely misses you.
You barely miss the hornet zombie. Your kick misses the hornet zombie.
The hornet zombie is severely damaged.
Throwing (i - inventory. (/) - cycle)
q - 4 javelins of penetration (quivered)
Press: ? - help, Shift-Dir - straight line, f - hornet zombie
Aim: a hornet zombie (severely damaged)
Okay, then.
Throwing (i - inventory. (/) - cycle)
d - 3 throwing nets
Press: ? - help, Shift-Dir - straight line, f - hornet zombie
Aim: a hornet zombie (severely damaged)
You throw a throwing net.
The throwing net barely misses the hornet zombie.
The hornet zombie hits you.
* * * LOW HITPOINT WARNING * * *
The hornet zombie hits you!
You die...

...........[....# #.#
................# #.#
#...............###.#
#.........>.....'.#.#
#†..............#.#.#
#..........##.....#.###
#........####.#####)..#
#........# #.##.Zo##.#
##########
#...@#.##.####### #
######.##o......# #
#.....Z.....# #
#..............
#.....o.....##.
+............#
#............#
##.........#.#


You could see an orc and a hornet zombie.

Vanquished Creatures
  A hungry ghost (D:6)
  A water moccasin (D:7)
  2 ice beasts (D:6)
  2 sky beasts
  A black bear (D:6)
  A phantom (D:5)
  2 ogres
  2 bullfrogs
  A scorpion (D:5)
  10 killer bees (D:7)
  4 howler monkeys
  3 crimson imps
  A centaur zombie (Ossuary)
  6 hounds
  2 orc wizards
  2 bullfrog skeletons
  2 orc priests
  2 iguanas
  6 worker ants
  2 big kobold zombies (Ossuary)
  5 mummies (Ossuary)
  2 hound zombies
  2 worker ant zombies
  Robin (D:4)
  2 howler monkey zombies
  3 gnolls
  4 adders
  An adder zombie (D:6)
  2 adder skeletons
  2 worms
  4 dart slugs
  4 leopard geckos
  7 orcs
  7 bats
  8 giant cockroaches
  3 gnoll zombies (Ossuary)
  7 hobgoblins
  7 jackals
  A quokka (D:7)
  4 ball pythons
  4 frilled lizards
  15 goblins
  A goblin zombie (Ossuary)
  A hobgoblin zombie (Ossuary)
  5 kobolds
  A leopard gecko skeleton (D:4)
  A leopard gecko zombie (D:7)
  4 rats
161 creatures vanquished.

Notes
Turn   | Place    | Note
-------+----------+-------------------------------------------
     0 | D:1      | diana the Demonspawn Gladiator began the quest for the Orb.
     0 | D:1      | Reached XP level 1. HP: 16/16 MP: 1/1
   137 | D:1      | Gained mutation: You have large cloven feet. [demonic
                  | ancestry]
   137 | D:1      | Reached XP level 2. HP: 22/22 MP: 2/2
   801 | D:2      | Reached skill level 1 in Short Blades
   801 | D:2      | Gained mutation: You are slightly more attuned to the
                  | shadows. [demonic ancestry]
   801 | D:2      | Reached XP level 3. HP: 20/27 MP: 3/3
  1171 | D:2      | Reached skill level 2 in Short Blades
  1211 | D:2      | Found a sparkling altar of Nemelex Xobeh.
  1613 | D:3      | Found a sacrificial altar of Ru.
  1866 | D:3      | Gained mutation: You are partially covered in rugged brown
                  | scales. (AC +1, +3% HP) [demonic ancestry]
  1866 | D:3      | Reached XP level 4. HP: 26/33 MP: 4/4
  1878 | D:3      | Reached skill level 3 in Short Blades
  2156 | D:3      | Found an ancient bone altar of Kikubaaqudgha.
  2162 | D:3      | Found a shimmering altar of Xom.
  2163 | D:3      | Found a glowing silver altar of Zin.
  2163 | D:3      | Found an opulent altar of Gozag.
  2164 | D:3      | Found a hide-covered altar of Uskayaw.
  2166 | D:3      | Found an iron altar of Okawaru.
  2552 | D:4      | Reached XP level 5. HP: 32/39 MP: 5/5
  2628 | D:3      | Became a worshipper of Warmaster Okawaru
  2685 | D:4      | Got a polished hunting sling
  2711 | D:4      | Identified the cursed +1 hunting sling "Cuuwk" {flame,
                  | *Corrode MR+ Str+3} (You found it on level 4 of the
                  | Dungeon)
  2751 | D:4      | Noticed Robin
  2773 | D:4      | Reached skill level 4 in Short Blades
  2787 | D:4      | Killed Robin
  3054 | D:4      | Found a white marble altar of Elyvilon.
  3093 | D:4      | Noticed an ogre
  3097 | D:4      | Killed an ogre
  3097 | D:4      | Reached skill level 5 in Short Blades
  3097 | D:4      | Reached XP level 6. HP: 45/45 MP: 6/6
  3655 | D:5      | Entered Level 5 of the Dungeon
  3703 | D:5      | Noticed a sky beast
  3708 | D:5      | Killed a sky beast
  3708 | D:5      | Reached * piety under Okawaru
  3708 | D:5      | Reached skill level 6 in Short Blades
  3726 | D:5      | Reached XP level 7. HP: 45/51 MP: 7/7
  3975 | D:4      | Reached skill level 1 in Invocations
  4115 | D:5      | Reached skill level 7 in Short Blades
  4339 | D:5      | Reached ** piety under Okawaru
  4892 | D:6      | Gained mutation: Your flesh is cold resistant. (rC+)
                  | [demonic ancestry]
  4892 | D:6      | Reached XP level 8. HP: 50/57 MP: 10/10
  4997 | D:6      | Reached skill level 8 in Short Blades
  5120 | D:6      | Found a sand-covered staircase.
  5128 | Ossuary  | Entered an ossuary
  5330 | Ossuary  | Reached *** piety under Okawaru
  5453 | Ossuary  | Reached skill level 9 in Short Blades
  6330 | D:7      | Reached skill level 1 in Stealth
  6354 | D:7      | Gained mutation: You are immune to freezing clouds.
                  | [demonic ancestry]
  6354 | D:7      | Reached XP level 9. HP: 48/62 MP: 11/11
  6354 | D:7      | Reached **** piety under Okawaru
  6667 | D:7      | Reached skill level 5 in Stealth
  6725 | D:7      | Gained mutation: You expend magic power (3 MP) to
                  | strengthen your wands. [potion of mutation]
  6725 | D:7      | Gained mutation: You are resistant to hostile enchantments.
                  | (MR+) [potion of mutation]
  6816 | D:7      | Found a runed gate.
  6816 | D:7      | Noticed smtktc's ghost (novice DECj)
  6818 | D:7      | Found a runed gate.
  6819 | D:7      | Found a runed gate.
  6824 | D:7      | Found a staircase to the Ecumenical Temple.
  6921 | D:7      | Slain by a hornet zombie

Skill      XL: |  1  2  3  4  5  6  7  8  9 |
---------------+----------------------------+-----
Long Blades    | 3 |  3.5
Short Blades   | 1 2 3 5 6 7 9 |  9.8
Invocations    | 3 |  3.0
Stealth        | 2 6 |  6.2
Fighting       | |  2.0
Throwing       | |  1.7
Dodging        | |  2.6

Action                   |  1- 3 |  4- 6 |  7- 9 || total
-------------------------+-------+-------+-------++-------
Melee: Long sword        |    26 |       |       ||    26
       Dagger            |    63 |   132 |   432 ||   627
       Kick              |    13 |    47 |   150 ||   210
Throw: Javelin           |       |     7 |       ||     7
       Throwing net      |       |       |     1 ||     1
  Use: Potion            |       |     2 |     8 ||    10
       Scroll            |       |     1 |    14 ||    15
 Stab: Sleeping          |     2 |     1 |     8 ||    11
       Distracted        |       |       |     3 ||     3
  Eat: Chunk             |     3 |     6 |     8 ||    17
       Ration            |       |       |     2 ||     2
Armor: Leather armour    |    27 |    29 |    43 ||    99
       Skin              |       |    35 |    31 ||    66
Dodge: Dodged            |    59 |    64 |   123 ||   246
       Rpst.: Long sword |     9 |       |       ||     9
